 Dungeon Crawl Stone Soup version 0.19.5 (webtiles) character file.

271620 JeffiDaFish the Tortoise (level 20, -19/134 HPs)
             Began as a Gargoyle Fighter on Mar 8, 2017.
             Was the Champion of Okawaru.
             Demolished by an ettin
             ... wielding a +0 dire flail
              (40 damage)
             ... on level 2 of the Vaults on Mar 9, 2017.
             The game lasted 01:41:11 (35355 turns).

JeffiDaFish the Tortoise (Gargoyle Fighter)        Turns: 35355, Time: 01:41:12

Health: -19/134    AC: 54    Str: 31    XL:     20   Next: 24%
Magic:  36/36      EV: 10    Int: 16    God:    Okawaru [******]
Gold:   3295       SH:  0    Dex: 24    Spells: 1 memorised, 31 levels left

rFire  + . .     SeeInvis .     g - +9 demon whip of the Enemy {drain, rF+}
rCold  + . .     Gourm    +     m - +3 crystal plate armour
rNeg   + + .     Faith    .     N - +3 shield {AC+3}
rPois  ∞         Spirit   .     k - +2 hat {Int+3}
rElec  +         Reflect  .     R - +2 cloak
rCorr  .         Harm     .     F - +2 pair of gloves {Dex+3}
MR     +....                    B - +0 pair of boots "Hasse Todu" {rN+ Str+4}
Stlth  ..........               C - amulet of the gourmand
                                K - ring of the Sky {rC+ EV+3 Int+4 Dex+4}
                                S - ring "Yddisic" {Str+3 Dex+3 Slay+2 Stlth+}

@: confused, corroded, flying, glowing
A: big wings, high mp 1, negative energy resistance 1, electricity resistance,
wild magic 1, unbreathing, petrification resistance, rot immunity, AC +15
a: Stop Flying, Heroism, Finesse, Renounce Religion
}: 2/15 runes: decaying, gossamer


You were on level 2 of the Vaults.
You worshipped Okawaru.
Okawaru was exalted by your worship.
You were completely stuffed.

You visited 7 branches of the dungeon, and saw 34 of its levels.
You also visited: Labyrinth, Trove, Sewer and Ice Cave.

You collected 3295 gold pieces.

Inventory:

Hand Weapons
 g - the +9 demon whip of the Enemy (weapon) {drain, rF+}
   (You acquired it on level 5 of the Lair of Beasts)

   A truly terrible weapon, it drains the life of those it strikes.
   It protects you from fire.
 M - the +8 demon whip of Duty {elec, +Blink rF- Int+4 Dex+4}
   (You found it in a treasure trove)

   Occasionally, upon striking a foe, it will discharge some electrical energy
   and cause terrible harm.
   It affects your intelligence (+4).
   It affects your dexterity (+4).
   It makes you vulnerable to fire.
   It lets you blink.
Missiles
 p - 755 stones (quivered)
Armour
 k - a +2 hat of intelligence (worn)
 m - a +3 crystal plate armour (worn)
 B - the +0 pair of boots "Hasse Todu" (worn) {rN+ Str+4}
   (Okawaru gifted it to you on level 10 of the Dungeon)

   It affects your strength (+4).
   It protects you from negative energy.
 F - a +2 pair of gloves of dexterity (worn)
 N - a +3 shield of protection (worn)
 R - a +2 cloak (worn)
Jewellery
 C - an amulet of the gourmand (around neck)
 K - the ring of the Sky (right hand) {rC+ EV+3 Int+4 Dex+4}
   (You found it in a treasure trove)

   [ring of evasion]

   It affects your evasion (+3).
   It affects your intelligence (+4).
   It affects your dexterity (+4).
   It protects you from cold.
 S - the ring "Yddisic" (left hand) {Str+3 Dex+3 Slay+2 Stlth+}
   (You acquired it on level 1 of the Vaults)

   [ring of stealth]

   It affects your strength (+3).
   It affects your dexterity (+3).
   It affects your accuracy and damage with ranged weapons and melee attacks
   (+2).
   It makes you more stealthy.
Wands
 A - a wand of teleportation (2/9)
 G - a wand of hasting (2/9)
 Q - a wand of teleportation (5/9)
Scrolls
 c - 2 scrolls of identify
 d - 4 scrolls of recharging
 h - 9 scrolls of teleportation
 n - 11 scrolls of remove curse
 w - 9 scrolls of amnesia
 y - 3 scrolls of blinking
 D - 3 scrolls of enchant weapon
 I - 6 scrolls of magic mapping
 J - 5 scrolls of fear
 P - 3 scrolls of fog
Potions
 a - 4 potions of ambrosia
 e - 5 potions of haste
 j - 4 potions of brilliance
 o - a potion of resistance
 q - 2 potions of magic
 r - 7 potions of curing
 s - 5 potions of heal wounds
 t - 5 potions of agility
 z - 5 potions of might
 E - 2 potions of invisibility
 O - 2 potions of berserk rage
Books
 b - a book of Geomancy

   Spells                             Type                      Level
   a - Sandblast                      Earth                        1
   b - Passwall                       Transmutation/Earth          2
   c - Stone Arrow                    Conjuration/Earth            3
   d - Petrify                        Transmutation/Earth          4
   e - Lee's Rapid Deconstruction     Earth                        5
Comestibles
 f - 22 bread rations
 i - 13 meat rations
 l - 14 beef jerkies
 u - 17 fruits
 v - 16 chunks of flesh
 x - 6 slices of pizza


   Skills:
 * Level 17.3 Fighting
 * Level 16.8 Maces & Flails
 * Level 18.1 Armour
 - Level 0.5 Dodging
 - Level 0.2 Stealth
 * Level 17.4 Shields
 + Level 8.8 Spellcasting
 + Level 12.0 Earth Magic


You had 31 spell levels left.
You knew the following spells:

 Your Spells              Type           Power        Failure   Level  Hunger
a - Lee's Rapid Deconstr  Erth           ######....   32%         5    #####..


Dungeon Overview and Level Annotations

Branches:
Dungeon (15/15)            Temple (1/1) D:5            Lair (6/6) D:8
  Swamp (4/4) Lair:2       Spider (4/4) Lair:2        Slime (0/5) Lair:6
    Orc (2/2) D:9             Elf (0/3) Orc:2        Vaults (2/5) D:13
 Depths (0/5) D:15
  Crypt: Vaults:2-3

Altars:
Ashenzari
Cheibriados
Dithmenos
Elyvilon
Fedhas
Gozag
Hepliaklqana
Kikubaaqudgha
Makhleb
Nemelex Xobeh
Okawaru
Qazlal
Ru
Sif Muna
Trog
Uskayaw
Vehumet
Xom
Yredelemnul
Zin
The Shining One
Jiyva

Shops:
D:4 ?   D:7 }   Orc:2 **((

Annotations:
Vaults:2 Mennas


Innate Abilities, Weirdness & Mutations

You are resistant to torment.
Your stone body is resilient. (AC +15)
You are immune to poison.
Your large and strong wings let you fly indefinitely.
You resist negative energy. (rN+)
You are resistant to electric shocks. (rElec)
You can survive without breathing.
You are immune to petrification.
You are immune to rotting.
You have an increased reservoir of magic. (+10% MP)
Your spells are a little harder to cast, but a little more powerful.


Message History

The deep elf knight hits you but does no damage.
You're too confused to move!
The orc wizard casts a spell.
The orc wizard blinks!
The ettin misses you. The ettin hits you with a dire flail!!
* * * LOW HITPOINT WARNING * * *
The deep elf knight points at you and mumbles some strange words.
The stone arrow hits you!
* * * LOW HITPOINT WARNING * * *
You're too confused!
You feel much better. The ettin hits you but does no damage.
The ettin hits you with a dire flail.
* * * LOW HITPOINT WARNING * * *
The deep elf knight closely misses you.
You feel much better.
The orc wizard mumbles some strange words.
The orc wizard blinks!
The ettin hits you with a dire flail!
* * * LOW HITPOINT WARNING * * *
The ettin hits you with a dire flail!!!
You die...

......#...##..##...##
......+...+..##..#..#
......#...#.##...##.#
......+...#.##...##.#
......#⌠..#.##...##.#
......#...#.)#..##..#
#...##.))##..##
#...###.....## #...
####@###### #CeT...#
#Ap....# #......#
#§.....# #..o...#
#......# ###+####


You could see Mennas, an ettin, a deep elf knight, an ironbrand convoker, a
troll and an orc wizard.

Vanquished Creatures
  the Lernaean hydra (Swamp:4)
  Nikola (Swamp:2)
  Arachne (Spider:3)
  2 Ice Fiends (IceCv)
  A sphinx (Vaults:2)
  Agnes (Spider:3)
  2 thorn hunters (Swamp:2)
  Kirke (Lair:6)
  3 ghost moths (Spider:4)
  7 vault wardens
  7 emperor scorpions
  A war gargoyle (Vaults:1)
  6 ironheart preservers
  5 very ugly things
  Nessos (Lair:6)
  6 entropy weavers
  An ettin (D:15)
  5 yaktaur captains
  2 deep elf death magi (Vaults:1)
  A minotaur (Lab)
  3 fire dragons
  Erolcha (D:10)
  3 catoblepae (Lair:6)
  Harold (D:12)
  11 vault guards
  20 hydras
  2 ghost crabs
  5 centaur warriors
  3 death knights
  2 tengu warriors
  2 deep troll earth magi (Vaults:1)
  13 death yaks (Lair:6)
  5 ogre magi
  8 alligators
  3 orc high priests (Orc:2)
  2 deep elf knights (Vaults:1)
  12 skeletal warriors
  The ghost of drayab the Skirmisher, a novice MiHu of the Shining One (D:6)
  A shadow wraith (Vaults:2)
  Nergalle (Lair:1)
  2 deep trolls
  2 spriggan druids
  8 swamp dragons
  5 unseen horrors
  5 ironbrand convokers
  A phantasmal warrior (Vaults:1)
  4 shambling mangroves
  7 deep elf magi
  5 hill giants
  6 orc sorcerers
  6 orc knights
  19 ugly things
  17 orb spiders
  A harpy (shapeshifter) (Vaults:1)
  31 wolf spiders
  2 moths of wrath
  2 manticores
  4 cyclopes
  5 elephants (Lair:6)
  8 vault sentinels
  A molten gargoyle (Lair:4)
  4 black mambas
  4 gargoyles
  2 ice statues (IceCv)
  21 spiny frogs
  4 freezing wraiths
  4 rime drakes
  13 ice devils (IceCv)
  18 komodo dragons
  21 yaktaurs
  14 demonic crawlers
  A tengu conjurer (D:14)
  A queen bee (shapeshifter) (Vaults:2)
  2 trolls
  3 meliai (D:14)
  38 jumping spiders
  10 tyrant leeches
  2 polar bears (Lair:6)
  The ghost of ENesbit the Insei, an amateur DsMo (D:5)
  18 hornets
  5 two-headed ogres
  5 blink frogs (Swamp:4)
  28 slime creatures
  Prince Ribbit (D:8)
  15 hippogriffs
  Grinder (D:6)
  4 bog bodies
  A polar bear (shapeshifter) (Vaults:1)
  A frost giant simulacrum (Vaults:2)
  Sigmund (D:3)
  92 redbacks
  4 spriggans
  4 shadows
  A spriggan (shapeshifter) (Vaults:1)
  3 wyverns
  A hill giant zombie (D:9)
  31 tarantellas
  2 basilisks
  46 yaks
  4 wraiths
  A steam dragon (D:13)
  4 hungry ghosts
  19 vampire mosquitoes
  A mottled dragon (D:15)
  10 insubstantial wisps
  15 swamp worms
  6 wargs (Orc:2)
  A soldier ant (D:13)
  A soldier ant (shapeshifter) (D:15)
  6 porcupines
  12 water moccasins
  2 sky beasts (D:8)
  6 ice beasts
  3 black bears
  20 orc warriors
  5 necrophages (Lair:2)
  4 phantoms
  11 swamp drakes
  15 wolves
  A boggart (Vaults:2)
  15 ogres
  4 centaurs
  16 crocodiles
  7 big kobolds
  18 bullfrogs
  4 earth elementals (Spider:3)
  6 scorpions
  2 troll zombies (D:9)
  23 killer bees
  The ghost of HeyBub the Poker, a weakling DsGl (Sewer)
  A vampire bat (Lair:3)
  3 electric eels
  A howler monkey (D:8)
  7 crimson imps
  4 lava snakes (Lab)
  2 jellies
  7 hounds
  2 bullfrog zombies
  12 orc priests
  A quasit (D:12)
  13 orc wizards
  3 centaur skeletons
  5 iguanas
  4 hell rats (Lair:4)
  7 worker ants
  A killer bee zombie (D:10)
  5 ogre zombies (D:9)
  2 hound skeletons
  2 hound zombies
  6 gnolls
  A worker ant zombie (D:7)
  15 adders
  5 river rats
  4 shadow imps
  10 white imps (IceCv)
  A worker ant simulacrum (D:11)
  5 ufetubi (IceCv)
  3 oozes
  4 worms
  An adder skeleton (D:4)
  An adder zombie (D:8)
  3 dart slugs
  5 leopard geckos
  49 orcs
  A ball python (D:6)
  3 giant cockroaches
  2 goblins
  9 hobgoblins
  16 jackals
  41 kobolds
  6 quokkas
  25 bats
  8 frilled lizards
  2 goblin skeletons (D:9)
  3 goblin zombies (D:9)
  A hobgoblin skeleton (D:9)
  6 hobgoblin zombies (D:9)
  A jackal skeleton (D:9)
  A leopard gecko skeleton (D:4)
  A leopard gecko zombie (D:5)
  3 orc skeletons (D:9)
  10 orc zombies (D:9)
  A quokka skeleton (D:8)
  25 rats
  A briar patch (Swamp:2)
1326 creatures vanquished.

Vanquished Creatures (others)
  A spiny frog (Swamp:1)
  A jumping spider (Spider:3)
  5 dream sheep (Lair:6)
  A redback (Spider:1)
  A tarantella (Spider:1)
  6 humans (Lair:6)
  A porcupine (Lair:1)
  3 white imps (IceCv)
  An orc (Orc:1)
  5 briar patches (Swamp:2)
  7 fungi
  3 plants (Lair:6)
35 creatures vanquished.

Grand Total: 1361 creatures vanquished

Notes
Turn   | Place    | Note
-------+----------+-------------------------------------------
     0 | D:1      | JeffiDaFish the Gargoyle Fighter began the quest for the Orb.
     0 | D:1      | Reached XP level 1. HP: 14/14 MP: 1/1
   200 | D:1      | Reached XP level 2. HP: 17/19 MP: 2/2
   553 | D:1      | Reached XP level 3. HP: 17/23 MP: 3/3
   780 | D:2      | Reached XP level 4. HP: 26/29 MP: 4/4
  1237 | D:2      | Reached skill level 4 in Armour
  1463 | D:3      | Noticed a bullfrog
  1480 | D:3      | Killed a bullfrog
  1480 | D:3      | Reached XP level 5. HP: 33/33 MP: 5/5
  2176 | D:3      | Noticed Sigmund
  2180 | D:3      | Killed Sigmund
  2180 | D:3      | Reached XP level 6. HP: 34/38 MP: 6/6
  2303 | D:3      | Reached skill level 5 in Shields
  2562 | D:4      | Found Sytuoval's Magic Scroll Shoppe.
  2874 | D:4      | Reached XP level 7. HP: 43/43 MP: 7/7
  2879 | D:4      | Reached skill level 5 in Maces & Flails
  2929 | D:5      | Entered Level 5 of the Dungeon
  3000 | D:5      | Noticed ENesbit's ghost (amateur DsMo)
  3025 | D:5      | Killed ENesbit's ghost
  3135 | D:5      | Learned a level 1 spell: Sandblast
  3201 | D:5      | Found a glowing drain.
  3210 | Sewer    | Entered a sewer
  3254 | Sewer    | Noticed HeyBub's ghost (weakling DsGl)
  3304 | Sewer    | Killed HeyBub's ghost
  3304 | Sewer    | Reached skill level 5 in Armour
  3352 | Sewer    | Reached XP level 8. HP: 40/48 MP: 8/8
  3413 | Sewer    | Found a white marble altar of Elyvilon.
  3659 | D:5      | You fall through a shaft for 3 floors!
  3681 | D:8      | Reached skill level 5 in Fighting
  3866 | D:8      | Noticed a wyvern
  3868 | D:8      | Noticed a yak
  3873 | D:7      | Noticed a hippogriff
  3890 | D:7      | Killed a hippogriff
  3890 | D:7      | Reached skill level 6 in Armour
  4269 | D:7      | Reached skill level 7 in Armour
  4367 | D:6      | Noticed drayab's ghost (novice MiHu)
  4418 | D:6      | Killed drayab's ghost
  4418 | D:6      | Reached XP level 9. HP: 16/55 MP: 9/9
  4722 | D:6      | Reached skill level 8 in Armour
  5205 | D:6      | Noticed Grinder
  5213 | D:6      | Paralysed by Grinder for 7 turns
  5232 | D:6      | Killed Grinder
  5882 | D:5      | Found a staircase to the Ecumenical Temple.
  5887 | Temple   | Entered the Ecumenical Temple
  5971 | Temple   | Became a worshipper of Warmaster Okawaru
  6381 | D:7      | Reached XP level 10. HP: 54/63 MP: 10/10
  6475 | D:7      | Found Kualepn's Gadget Shoppe.
  6830 | D:7      | Reached * piety under Okawaru
  7188 | D:8      | Noticed Prince Ribbit
  7221 | D:8      | Killed Prince Ribbit
  7221 | D:8      | Reached skill level 9 in Armour
  7466 | D:8      | Found a staircase to the Lair.
  7618 | D:8      | Reached ** piety under Okawaru
  8246 | D:9      | Reached *** piety under Okawaru
  8246 | D:9      | Reached XP level 11. HP: 40/69 MP: 11/11
  8584 | D:9      | Reached skill level 10 in Armour
  8637 | Lair:1   | Entered Level 1 of the Lair of Beasts
  8670 | Lair:1   | Noticed Nergalle
  8689 | Lair:1   | Killed Nergalle
  9019 | Lair:1   | Reached **** piety under Okawaru
  9038 | Lair:1   | Reached skill level 10 in Maces & Flails
  9278 | Lair:1   | Reached skill level 10 in Shields
  9327 | Lair:1   | Reached ***** piety under Okawaru
 10170 | Lair:1   | Reached skill level 10 in Fighting
 10444 | Lair:1   | Reached skill level 11 in Armour
 10456 | Lair:1   | Reached XP level 12. HP: 68/77 MP: 12/12
 10554 | Lair:1   | Noticed an eight-headed hydra
 10599 | Lair:1   | Killed an eight-headed hydra
 11028 | Lair:1   | Noticed a six-headed hydra
 11041 | Lair:1   | Killed a six-headed hydra
 11137 | Lair:2   | Received a gift from Okawaru
 11509 | Lair:2   | Found a hole to the Spider Nest.
 12078 | Lair:2   | Found a staircase to the Swamp.
 12448 | Lair:3   | Reached skill level 12 in Armour
 12448 | Lair:3   | Reached skill level 1 in Earth Magic
 12657 | Lair:3   | Reached ****** piety under Okawaru
 13114 | Lair:4   | Reached skill level 1 in Spellcasting
 13367 | Lair:4   | Reached XP level 13. HP: 70/84 MP: 14/14
 14775 | Lair:5   | Identified a scroll of acquirement
 14776 | Lair:5   | Got an ichor-stained demon whip
 14777 | Lair:5   | Identified the +9 demon whip of the Enemy {drain, rF+} (You acquired it on level 5 of the Lair of Beasts)
 15022 | Lair:6   | Entered Level 6 of the Lair of Beasts
 15199 | Lair:6   | Noticed Kirke
 15201 | Lair:6   | Found a shimmering altar of Xom.
 15217 | Lair:6   | Killed Kirke
 15217 | Lair:6   | Received a gift from Okawaru
 15279 | Lair:6   | Found a staircase to the Slime Pits.
 15280 | Lair:6   | Found a viscous altar of Jiyva.
 15338 | Lair:6   | Noticed Nessos
 15366 | Lair:6   | Killed Nessos
 15668 | Lair:6   | Received a gift from Okawaru
 15747 | Lair:6   | Reached skill level 13 in Armour
 15858 | Lair:6   | Gained mutation: Your large and strong wings let you fly indefinitely. [Gargoyle growth]
 15858 | Lair:6   | Reached XP level 14. HP: 92/92 MP: 18/18
 15931 | Lair:6   | Reached skill level 5 in Earth Magic
 15982 | Lair:6   | Got a warped demon whip
 15983 | Lair:6   | Identified the +4 demon whip of Yletiu Ypam {elec, rC+} (You found it on level 6 of the Lair of Beasts)
 16925 | D:9      | Found a staircase to the Orcish Mines.
 17311 | D:10     | Entered Level 10 of the Dungeon
 17311 | D:10     | Noticed Erolcha
 17314 | D:10     | Paralysed by Erolcha for 5 turns
 17324 | D:10     | Killed Erolcha
 17460 | D:10     | Received a gift from Okawaru
 17471 | D:10     | Got a pair of scorched boots {god gift}
 17477 | D:10     | Identified the +0 pair of boots "Hasse Todu" {rN+ Str+4} (Okawaru gifted it to you on level 10 of the Dungeon)
 19088 | D:12     | Noticed Harold
 19101 | D:12     | Killed Harold
 19583 | D:13     | Reached XP level 15. HP: 99/99 MP: 20/22
 19670 | D:13     | Found a portal to a secret trove of treasure.
 19714 | D:13     | You paid a toll of 5 potions of resistance to enter a treasure trove
 19715 | Trove    | Entered a treasure trove
 19763 | Trove    | Got a bound iron ring
 19766 | Trove    | Identified the ring of the Sky {rC+ EV+3 Int+4 Dex+4} (You found it in a treasure trove)
 19808 | Trove    | Identified the +8 demon whip of Duty {elec, +Blink rF- Int+4 Dex+4} (You found it in a treasure trove)
 20008 | D:13     | Found a gate to the Vaults.
 20021 | D:13     | Received a gift from Okawaru
 20052 | D:13     | Reached skill level 14 in Armour
 20481 | D:14     | Found a labyrinth entrance.
 20486 | Lab      | Entered a labyrinth
 21255 | Lab      | Reached skill level 5 in Spellcasting
 21262 | Lab      | Identified the Volume of Good Luck
 22047 | D:15     | Entered Level 15 of the Dungeon
 22219 | D:15     | Learned a level 5 spell: Lee's Rapid Deconstruction
 22355 | D:15     | Received a gift from Okawaru
 22432 | D:15     | Found a staircase to the Depths.
 22594 | D:15     | Found a shadowy altar of Dithmenos.
 23237 | Orc:1    | Entered Level 1 of the Orcish Mines
 23398 | Orc:1    | Found a burning altar of Makhleb.
 23478 | Orc:2    | Entered Level 2 of the Orcish Mines
 23495 | Orc:2    | Reached XP level 16. HP: 106/106 MP: 24/24
 23642 | Orc:2    | Found a staircase to the Elven Halls.
 24209 | Orc:2    | Found Maxaa's Weapon Shop.
 24213 | Orc:2    | Found Toasuvis's Antique Weapon Shoppe.
 24219 | Orc:2    | Found Guor's General Store.
 24221 | Orc:2    | Found Ubodon's Assorted Antiques.
 24622 | Swamp:1  | Entered Level 1 of the Swamp
 24637 | Swamp:1  | Received a gift from Okawaru
 24947 | Swamp:1  | Reached skill level 15 in Armour
 25242 | Swamp:2  | Found a sparkling altar of Nemelex Xobeh.
 25280 | Swamp:2  | Noticed a thorn hunter
 25293 | Swamp:2  | Killed a thorn hunter
 25368 | Swamp:2  | Noticed Nikola
 25394 | Swamp:2  | Killed Nikola
 25479 | Swamp:2  | Noticed a thorn hunter
 25510 | Swamp:2  | Killed a thorn hunter
 25932 | Swamp:2  | Gained mutation: You evolve. [potion of mutation]
 25932 | Swamp:2  | Gained mutation: Your muscles are strong. (Str +2) [potion of mutation]
 26368 | Swamp:3  | Received a gift from Okawaru
 26404 | Swamp:3  | Gained mutation: You passively map a small area around you. [evolution]
 26461 | Swamp:3  | Reached skill level 15 in Shields
 26710 | Swamp:4  | Entered Level 4 of the Swamp
 27052 | Swamp:4  | Reached XP level 17. HP: 107/112 MP: 25/27
 27148 | Swamp:4  | Noticed the 27-headed Lernaean hydra
 27163 | Swamp:4  | Killed the 27-headed Lernaean hydra
 27163 | Swamp:4  | Reached skill level 15 in Fighting
 27244 | Swamp:4  | Got a decaying rune of Zot
 27583 | Swamp:4  | Received a gift from Okawaru
 27675 | Swamp:4  | Reached skill level 15 in Maces & Flails
 27944 | Spider:1 | Entered Level 1 of the Spider Nest
 28187 | Spider:1 | Reached skill level 16 in Armour
 28563 | Spider:1 | Lost mutation: Your muscles are strong. (Str +2) [evolution]
 29262 | Spider:2 | Reached skill level 10 in Earth Magic
 29566 | Spider:3 | Reached XP level 18. HP: 107/120 MP: 29/29
 29721 | Spider:3 | Received a gift from Okawaru
 29789 | Spider:3 | Found a frozen archway.
 29913 | IceCv    | Entered an ice cave
 30125 | IceCv    | Noticed an Ice Fiend
 30127 | IceCv    | Noticed an Ice Fiend
 30137 | IceCv    | Killed an Ice Fiend
 30141 | IceCv    | Killed an Ice Fiend
 30621 | Spider:3 | Noticed Arachne
 30646 | Spider:3 | Killed Arachne
 30664 | Spider:3 | Lost mutation: You passively map a small area around you. [potion of cure mutation]
 30664 | Spider:3 | Lost mutation: You evolve. [potion of cure mutation]
 30807 | Spider:3 | Noticed Agnes
 30834 | Spider:3 | Killed Agnes
 30995 | Spider:3 | Gained mutation: Your spells are a little harder to cast, but a little more powerful. [potion of beneficial mutation]
 31030 | Spider:3 | Gained mutation: You have an increased reservoir of magic. (+10% MP) [potion of beneficial mutation]
 31210 | Spider:4 | Entered Level 4 of the Spider Nest
 31367 | Spider:4 | Received a gift from Okawaru
 31898 | Spider:4 | Reached skill level 17 in Armour
 32357 | Spider:4 | Reached XP level 19. HP: 124/126 MP: 0/34
 32447 | Spider:4 | Got a gossamer rune of Zot
 32890 | Vaults:1 | Entered Level 1 of the Vaults
 32914 | Vaults:1 | Found a hazy altar of Hepliaklqana.
 33185 | Vaults:1 | Got a twitching lead ring
 33187 | Vaults:1 | Identified the ring "Yddisic" {Str+3 Dex+3 Slay+2 Stlth+} (You acquired it on level 1 of the Vaults)
 33239 | Vaults:1 | Received a gift from Okawaru
 34444 | Vaults:1 | Received a gift from Okawaru
 34925 | Vaults:2 | Reached XP level 20. HP: 126/134 MP: 35/35
 35035 | Vaults:2 | Reached skill level 18 in Armour
 35305 | Vaults:2 | Received a gift from Okawaru
 35340 | Vaults:2 | Noticed Mennas
 35353 | Vaults:2 | HP: 1/134 [deep elf knight/stone arrow[an ironheart preserver] (10)]
 35355 | Vaults:2 | Demolished by an ettin

Skill      XL: |  1  2  3  4  5  6  7  8  9 10 11 12 13 14 15 16 17 18 19 20 |
---------------+-------------------------------------------------------------+-----
Shields        | 4 5 7 9 10 11 12 13 14 15 16 17 | 17.4
Armour         | 4 5 7 8 9 11 12 13 14 15 16 17 18 | 18.1
Maces & Flails | 3 4 6 7 8 9 10 11 12 13 14 15 16 | 16.8
Fighting       | 4 6 7 8 10 11 12 13 14 15 16 17 | 17.3
Earth Magic    | 1 4 6 7 9 10 11 12 | 12.0
Spellcasting   | 1 3 4 5 6 7 8 |  8.8
Dodging        | |  0.5
Stealth        | |  0.2

Action                   |  1- 3 |  4- 6 |  7- 9 | 10-12 | 13-15 | 16-18 | 19-21 || total
-------------------------+-------+-------+-------+-------+-------+-------+-------++-------
Melee: Flail             |   152 |   184 |   624 |  1322 |   139 |       |       ||  2421
       Demon whip        |       |       |       |       |  1297 |  1892 |   802 ||  3991
       Morningstar       |       |       |       |       |    24 |       |       ||    24
 Cast: Sandblast         |       |       |       |       |     7 |       |       ||     7
Invok: Heroism           |       |       |       |     1 |       |       |       ||     1
 Abil: Fly               |       |       |       |       |     1 |       |       ||     1
Evoke: Wand              |       |       |       |       |       |     1 |       ||     1
  Use: Potion            |     4 |     2 |     6 |     6 |     3 |     5 |     2 ||    28
       Scroll            |     6 |     5 |     5 |     4 |    24 |     4 |     6 ||    54
 Stab: Invisible         |       |       |       |     4 |       |       |       ||     4
       Petrified         |       |       |       |       |     1 |       |       ||     1
       Held in net/web   |       |       |       |       |       |     1 |       ||     1
  Eat: Chunk             |       |     7 |    12 |    25 |    36 |    29 |    11 ||   120
       Beef jerky        |       |       |     1 |       |       |       |       ||     1
       Royal jelly       |       |       |       |       |     1 |       |       ||     1
       Meat ration       |       |       |       |       |     1 |       |       ||     1
Armor: Scale mail        |   106 |    21 |       |       |       |       |       ||   127
       Crystal plate arm |       |   113 |   491 |  1133 |   639 |  1177 |   346 ||  3899
Dodge: Dodged            |    74 |    19 |    38 |   164 |   152 |   494 |   135 ||  1076
Block: Shield            |   115 |    81 |   348 |   884 |   686 |  1706 |   511 ||  4331
